 Dungeon Crawl Stone Soup version 0.30-a0-1160-g6e42c06551 (webtiles) character file.

Game seed: 6838027587272401792

156 sircluck the Chopper (level 5, -3/46 HPs)
             Began as a Hill Orc Fighter on Apr 25, 2023.
             Constricted to death by Grinder (8 damage)
             ... on level 3 of the Dungeon.
             The game lasted 00:05:59 (2290 turns).

sircluck the Chopper (Hill Orc Fighter)             Turns: 2290, Time: 00:06:01

Health: -3/46      AC:  7    Str: 21    XL:     5   Next: 37%
Magic:  5/5        EV:  6    Int:  8    God:
Gold:   162        SH:  4    Dex: 10    Spells: 4/4 levels left

rFire   . . .        a - +0 war axe
rCold   . . .        c - +0 buckler
rNeg    . . .        b - +0 scale mail
rPois   .            (no helmet)
rElec   .            (no cloak)
rCorr   .            (no gloves)
SInv    .            (no boots)
Will    .....        (no amulet) Stlth
                     (no ring)
HPRegen 0.27/turn    (no ring)
MPRegen 0.09/turn

%: no passive effects
@: grasped by roots, constricted
A: no striking features
a: no special abilities


You were on level 3 of the Dungeon.
You visited 1 branch of the dungeon, and saw 4 of its levels.

You collected 162 gold pieces.

Inventory:

Hand Weapons
 a - a +0 war axe (weapon)
Missiles
 e - 6 poisoned darts (quivered)
 g - 42 stones
Armour
 b - a +0 scale mail (worn)
 c - a +0 buckler (worn)
 o - a +0 pair of gloves
Jewellery
 i - a ring of ice
 r - an amulet of faith
Wands
 p - a wand of roots (6)
Scrolls
 f - 2 scrolls of identify {unknown}
 h - a scroll of enchant weapon {unknown}
 j - a scroll of amnesia {unknown}
 k - a scroll of silence {unknown}
 s - a scroll of poison {unknown}
Potions
 d - a potion of degeneration {unknown}
 l - a potion of ambrosia {unknown}
 m - a potion of magic {unknown}
 n - a potion of cancellation {unknown}
 t - a potion of flight {unknown}


   Skills:
 + Level 4.1 Fighting
 + Level 5.0 Axes
 + Level 4.2 Armour
 + Level 1.1 Dodging
 + Level 3.8 Shields


You had 4 spell levels left.
You didn't know any spells.
Your spell library contained the following spells:

 Spells                   Type           Power      Damage    Failure   Level
 Slow                     Hex            0%         N/A       80%         1
 Sublimation of Blood     Necr           0%         N/A       91%         2
 Wereblood                Tmut           0%         N/A       91%         2
 Confusing Touch          Hex            0%         N/A       99%         3
 Vampiric Draining        Necr           0%         2d6       99%         3
 Cause Fear               Hex            0%         N/A       100%        4
 Summon Ice Beast         Ice/Summ       0%         N/A       100%        4
 Summon Mana Viper        Hex/Summ       0%         N/A       100%        5
 Dragon Form              Tmut           0%         N/A       100%        7
 Monstrous Menagerie      Summ           0%         N/A       100%        7
 Summon Hydra             Summ           0%         N/A       100%        7
 Dragon's Call            Summ           0%         N/A       100%        9


Dungeon Overview and Level Annotations

Branches:
Dungeon (4/15)
 Temple: D:4-7

Altars:

Annotations:
D:3 Grinder


Message History

You feel better. You block the adder's attack. Grinder barely misses you.
The kobold barely misses you. The kobold attacks as you move away!
The kobold hits you but does no damage.
Grinder blinks!
The adder misses you.
A rat comes into view.
Unknown command.
You completely miss the kobold. You hit the adder.
The adder bites you but does no damage. The kobold hits you but does no damage.
You closely miss the kobold. You barely miss the adder.
The adder bites you but does no damage. The kobold hits you but does no damage.
The adder bites you.
You closely miss the kobold. You closely miss the adder.
Grinder says, "Just stop there for a second..."
The kobold completely misses you. The adder barely misses you.
The kobold hits you but does no damage. The adder bites you but does no damage.
You hit the kobold.
The kobold is severely wounded.
You closely miss the adder. The adder barely misses you.
Grinder zaps a wand.
The roots erupt in riotous growth!
The grasping roots grab you!
The kobold is unaffected.
The adder is unaffected.
The grasping roots constrict you!
* * * LOW HITPOINT WARNING * * *
The kobold closely misses you.
You hit the kobold.
You kill the kobold!
You miss the adder. The adder bites you.
* * * LOW HITPOINT WARNING * * *
Grinder gestures at you.
You barely resist. The grasping roots constrict you.
* * * LOW HITPOINT WARNING * * *
The adder barely misses you.
You closely miss the adder.
The adder is lightly wounded.
You hit the rat.
You kill the rat!
The adder bites you.
* * * LOW HITPOINT WARNING * * *
Grinder blinks!
The grasping roots constrict you!
You die...

............)..##
#..##.......†...#
................#
####..#.#.#........#
#.......#.##.....#.....
...#.###.##......###.#
.....###.#...#....# #
..##..S....###.#...
..#..@)...## #......
#....?.†.....# ###....
#.....K§.....#
####.........#
#........[# #.........#
##.......## ....5....


You could see Grinder, an adder and a kobold.

Vanquished Creatures
  Terence (D:2)
  8 adders
  A worm (D:2)
  2 dart slugs
  5 ball pythons
  2 bats
  2 giant cockroaches (D:2)
  8 goblins
  5 hobgoblins
  7 jackals
  8 kobolds
  2 quokkas
  A frilled lizard (D:1)
  5 rats
57 creatures vanquished.

Notes
Turn   | Place    | Note
-------+----------+-------------------------------------------
     0 | D:1      | sircluck the Hill Orc Fighter began the quest for the Orb.
     0 | D:1      | Reached XP level 1. HP: 19/19 MP: 1/1
   150 | D:1      | Found a faded altar of an unknown god.
   234 | D:1      | Reached XP level 2. HP: 27/27 MP: 2/2
   348 | D:1      | Reached skill level 3 in Axes
   721 | D:1      | Reached XP level 3. HP: 33/33 MP: 3/3
   747 | D:2      | Noticed Terence
   758 | D:2      | Killed Terence
   914 | D:2      | Reached skill level 4 in Axes
  1091 | D:2      | Reached XP level 4. HP: 29/40 MP: 4/4
  1637 | D:2      | Identified the staff of fire "Fevow" {rF+ rCorr}
  2097 | D:3      | Reached XP level 5. HP: 40/46 MP: 5/5
  2144 | D:3      | Reached skill level 5 in Axes
  2179 | D:3      | Noticed Grinder
  2189 | D:3      | Paralysed by Grinder for 4 turns
  2270 | D:4      | Reached skill level 1 in Dodging
  2290 | D:3      | Constricted to death by Grinder

Illustrated notes

Levels and vault maps discovered:
D:1:      dpeg_arrival_stone_temple_mockup, layout_basic,
          hellmonk_ecumenical_altar_arch_garden
D:2:      layout_basic, serial_rivers, chequers_serial_rivers_large_b,
          chequers_serial_rivers_micro_a, chequers_serial_rivers_small_a,
          chequers_serial_rivers_small_3, chequers_serial_rivers_marsh,
          uniq_terence
D:3:      layout_rooms, uniq_grinder
D:4:      layout_basic, lemuel_temple_firewalk_b, serial_shops,
          nicolae_shop_tiny_real_fake_doors, supply_closet_lemuel

Skill      XL: |  1  2  3  4  5 |
---------------+----------------+-----
Axes           | 3 4 5 |  5.0
Fighting       | 4 |  4.1
Armour         | 4 |  4.2
Dodging        | 1 |  1.1
Shields        | |  3.8

Action                     |  1- 3 |  4- 6 || total
---------------------------+-------+-------++-------
  Melee: War axe           |    66 |   157 ||   223
  Evoke: Wand              |       |     1 ||     1
    Use: Potion            |     1 |     1 ||     2
 Armour: Scale mail        |    43 |    99 ||   142
  Dodge: Dodged            |    29 |   113 ||   142
  Block: Buckler           |    16 |    48 ||    64

Table legend: (Time is in decaauts)
 A = Elapsed time spent in this place.
 B = Non-inter-level travel time spent in this place.
 C = Inter-level travel time spent in this place.
 D = Time resting spent in this place.
 E = Time spent auto-exploring this place.
 F = Levels seen in this place.
 G = Mean time per level.
                   A        B        C        D        E       F      G
               +--------+--------+--------+--------+--------+-----+--------+
         Total |   2402 |   2370 |     32 |    173 |   1499 |   4 |  600.5 |
       Dungeon |   2402 |   2370 |     32 |    173 |   1499 |   4 |  600.5 |
               +--------+--------+--------+--------+--------+-----+--------+

Top non-repeatable levels by time:
     D:2: 1336 daAuts
     D:1: 759 daAuts
     D:3: 217 daAuts
     D:4: 89 daAuts
